 Dungeon Crawl Stone Soup version 0.29-a0-330-g52719c12eb (webtiles) character file.

Game seed: 7296342245710097129

26 rageheart7 the Skirmisher (level 3, -2/31 HPs)
             Began as a Barachi Fighter on Apr 13, 2022.
             Slain by a gnoll
             ... wielding a +0 whip
              (7 damage)
             ... on level 2 of the Dungeon.
             The game lasted 00:01:25 (1036 turns).

rageheart7 the Skirmisher (Barachi Fighter)         Turns: 1036, Time: 00:01:25

Health: -2/31      AC:  6    Str: 17    XL:     3   Next: 8%
Magic:  3/3        EV:  9    Int:  8    God:
Gold:   44         SH:  5    Dex: 13    Spells: 2/2 levels left

rFire   . . .      SeeInvis .   a - +0 long sword (freeze)
rCold   + . .      Faith    .   c - +1 buckler
rNeg    . . .      Spirit   .   b - +0 scale mail
rPois   .          Reflect  .   (no helmet)
rElec   .          Harm     .   (no cloak)
rCorr   .          Rampage  .   (no gloves)
Will    .....                   (no boots)
Stlth   ..........              (no amulet)
HPRegen 0.10/turn               g - ring of protection from cold
MPRegen 0.08/turn               (no ring)

@: slow
A: amphibious, slowness 1, strong legs 1, +LOS
a: Hop


You were on level 2 of the Dungeon.
You visited 1 branch of the dungeon, and saw 2 of its levels.

You collected 44 gold pieces.

Inventory:

Hand Weapons
 a - a +0 long sword of freezing (weapon)
Armour
 b - a +0 scale mail (worn)
 c - a +1 buckler (worn)
Jewellery
 g - a ring of protection from cold (left hand)
 h - a ring of flight
Potions
 d - a potion of might


   Skills:
 * Level 4.4 Fighting
 * Level 3.4 Long Blades
 - Level 3.6 Armour
 - Level 3.2 Shields


You had 2 spell levels left.
You didn't know any spells.
Your spell library contained the following spells:

 Spells                   Type           Power      Damage    Failure   Level
 Animate Skeleton         Necr           0%         N/A       88%         1
 Apportation              Tloc           0%         N/A       88%         1
 Summon Small Mammal      Summ           0%         N/A       88%         1
 Scorch                   Fire           0%         2d5       96%         2
 Flame Wave               Conj/Fire      0%         2d4       100%        4
 Summon Cactus Giant      Summ           0%         N/A       100%        6


Dungeon Overview and Level Annotations

Branches:
Dungeon (2/15)

Altars:


Innate Abilities, Weirdness & Mutations

You are amphibious.
You cover ground slowly.
You can hop short distances.
You have an extended range of vision and can be seen from far away.


Message History

The bat is severely wounded.
The bat barely misses you. The rat bites you but does no damage.
You hit the rat. You freeze the rat.
You kill the rat!
The bat barely misses you. The bat closely misses you.
A gnoll comes into view. It is wielding a +0 spear.
You barely miss the bat.
The bat is severely wounded.
The gnoll shouts!
You hear a shout!
The bat barely misses you.
You closely miss the bat.
The bat is severely wounded.
The bat hits you but does no damage.
The gnoll throws a stone.
The stone barely misses you.
Found 2 gold pieces.
The bat hits you but does no damage.
The gnoll throws a stone.
You block the stone.
A gnoll comes into view. It is wielding a +0 whip.
You hit the bat. You freeze the bat.
You kill the bat!
You see here a bat corpse.
You block the gnoll's attack.
You hit the gnoll but do no damage. You block the gnoll's attack.
A gnoll comes into view. It is wielding a +0 flail.
The gnoll hits you with a +0 spear.
You completely miss the gnoll.
The gnoll shouts!
The gnoll hits you with a +0 whip! You block the gnoll's attack.
You hit the gnoll. You freeze the gnoll.
The gnoll is heavily wounded.
The gnoll hits you with a +0 whip. The gnoll hits you but does no damage.
You closely miss the gnoll.
The gnoll is heavily wounded.
The gnoll hits you with a +0 whip. You block the gnoll's attack.
You hit the gnoll. You freeze the gnoll.
The gnoll is almost dead.
The gnoll hits you with a +0 whip!
* * * LOW HITPOINT WARNING * * *
You block the gnoll's attack. The gnoll hits you with a +0 whip!
You die...

##############
##.....##.....##
##..............##
#........<.......#
#.......)........#
#................#
##................#
........†..†......#
........@.........#
.......gg........##
.......g........##
.......##.?.......
.$..... ###.##..###
.....#. #.. #.#
....... ##.# .#
.... . .. ###.#. ..


You could see 3 gnolls.

Vanquished Creatures
  An endoplasm (D:1)
  2 goblins (D:1)
  5 hobgoblins (D:1)
  3 jackals (D:1)
  3 quokkas (D:1)
  A ball python (D:1)
  2 bats
  A frilled lizard (D:1)
  3 kobolds (D:1)
  2 rats
23 creatures vanquished.

Notes
Turn   | Place    | Note
-------+----------+-------------------------------------------
     0 | D:1      | rageheart7 the Barachi Fighter began the quest for the Orb.
     0 | D:1      | Reached XP level 1. HP: 18/18 MP: 1/1
   113 | D:1      | Found a faded altar of an unknown god.
   125 | D:1      | Reached XP level 2. HP: 21/25 MP: 2/2
   130 | D:1      | Reached skill level 4 in Fighting
   788 | D:1      | Reached XP level 3. HP: 31/31 MP: 3/3
  1036 | D:2      | Slain by a gnoll

Illustrated notes

Levels and vault maps discovered:
D:1:      minmay_arrival_loop, layout_basic,
          hellmonk_ecumenical_altar_dog_temple
D:2:      layout_rooms, uniq_natasha

Skill      XL: |  1  2 |
---------------+-------+-----
Fighting       | 4 |  4.4
Long Blades    | 3 |  3.4
Armour         | |  3.6
Shields        | |  3.2

Action                   || total
-------------------------++-------
Melee: Long sword        ||    88
  Use: Scroll            ||     3
Armor: Scale mail        ||    38
Dodge: Dodged            ||    47
Block: Buckler           ||    28

Table legend: (Time is in decaauts)
 A = Elapsed time spent in this place.
 B = Non-inter-level travel time spent in this place.
 C = Inter-level travel time spent in this place.
 D = Time resting spent in this place.
 E = Time spent auto-exploring this place.
 F = Levels seen in this place.
 G = Mean time per level.
                   A        B        C        D        E       F      G
               +--------+--------+--------+--------+--------+-----+--------+
         Total |   1207 |   1122 |     85 |      0 |    913 |   2 |  603.5 |
       Dungeon |   1207 |   1122 |     85 |      0 |    913 |   2 |  603.5 |
               +--------+--------+--------+--------+--------+-----+--------+

Top non-repeatable levels by time:
     D:1: 1186 daAuts
     D:2: 20 daAuts
